 Dungeon Crawl Stone Soup version 0.20.1-1-g8b1a95d (webtiles) character file.

128 ManOfNut3 the Chiller (level 5, -1/36 HPs)
             Began as a Human Ice Elementalist on Nov 30, 2017.
             Slain by Grinder (3 damage)
             ... on level 3 of the Dungeon.
             The game lasted 00:25:57 (3859 turns).

ManOfNut3 the Chiller (Human Ice Elementalist)      Turns: 3859, Time: 00:25:57

Health: -1/36      AC:  5    Str:  8    XL:     5   Next: 33%
Magic:  0/9        EV: 13    Int: 16    God:
Gold:   140        SH:  0    Dex: 14    Spells: 7/10 levels left

rFire    . . .     SeeInvis .   r - +1 mace
rCold    . . .     Gourm    .   (no shield)
rNeg     . . .     Faith    .   (no armour)
rPois    .         Spirit   .   (no helmet)
rElec    .         Reflect  .   y - +0 cloak
rCorr    .         Harm     .   w - +2 pair of gloves
MR       .....                  B - +0 pair of boots
Stlth    ++........             (no amulet)
Regen    0.2/turn               (no ring)
MPRegen  0.2/turn               (no ring)

@: very slightly contaminated
A: no striking features
a: no special abilities


You were on level 3 of the Dungeon.
You were not hungry.

You visited 1 branch of the dungeon, and saw 3 of its levels.

You collected 140 gold pieces.

Inventory:

Hand Weapons
 d - a +0 club
 f - a +0 club
 k - a +0 spear
 l - a +0 dagger
 m - a +0 dagger
 n - a +0 club
 q - a +0 giant spiked club
 r - a +1 mace (weapon)
 t - a +0 short sword
Missiles
 g - 34 arrows
 j - 138 stones (quivered)
 s - 17 sling bullets
 A - 13 bolts
Armour
 a - a +0 robe
 p - a cursed +0 robe
 u - a +0 chain mail
 w - a +2 pair of gloves (worn)
 y - a +0 cloak (worn)
 B - a +0 pair of boots (worn)
Scrolls
 e - 4 scrolls of identify
 x - a scroll of enchant weapon
Potions
 c - a potion of flight {unknown}
 h - 2 potions of curing {unknown}
 i - a potion of heal wounds {unknown}
 C - a potion of brilliance {unknown}
Books
 b - a book of Frost

   Spells                             Type                      Level
   a - Freeze                         Ice                          1
   b - Throw Frost                    Conjuration/Ice              2
   c - Ozocubu's Armour               Charms/Ice                   3
   d - Throw Icicle                   Conjuration/Ice              4
   e - Summon Ice Beast               Ice/Summoning                4
Comestibles
 o - 3 chunks of flesh
 v - a royal jelly
 z - a meat ration


   Skills:
 + Level 0.6 Fighting
 + Level 1.0 Maces & Flails
 + Level 2.5 Dodging
 + Level 2.0 Stealth
 + Level 3.1 Spellcasting
 + Level 1.1 Conjurations
 + Level 4.2 Ice Magic


You had 7 spell levels left.
You knew the following spells:

 Your Spells              Type           Power        Failure   Level  Hunger
a - Freeze                Ice            ###.         3%          1    None
b - Throw Frost           Conj/Ice       ##....       10%         2    ##.....


Dungeon Overview and Level Annotations

Branches:
Dungeon (3/15)

Altars:

Annotations:
D:3 Grinder


Message History

Grinder gestures at you.
You shrug off the repeated paralysis!
Grinder hits you!
You writhe in agony.
Grinder says, "There's only one good use for a tongue: cutting it out."
Grinder hits you.
* * * LOW HITPOINT WARNING * * *
You writhe in agony.
* * * LOW HITPOINT WARNING * * *
You can move again.
Casting: Throw Frost
Confirm with . or Enter, or press ? or * to list all spells.
Aiming: Throw Frost
Press: ? - help, Shift-Dir - straight line, f - Grinder
Aim: Grinder You miscast Throw Frost.
You are very lightly contaminated with residual magic.
You feel a strange surge of energy! Grinder hits you.
* * * LOW HITPOINT WARNING * * *
You writhe in agony.
You die...

# # .#. #.# ## #.#
####.## ### #.# .......
..# #.## ##.....###.#
#...
#.......##.###########..
......5@................
#.......##.###########..
##.....###.# ### ##...#
#.# # ##.# #.# ## #.#
##### #.# #.... #.#
#.### #.# #.#


You could see Grinder.

Vanquished Creatures
  An orc wizard (D:1)
  4 adders
  2 worms (D:2)
  3 dart slugs
  2 leopard geckos (D:2)
  12 bats
  A giant cockroach (D:1)
  5 goblins
  6 hobgoblins
  2 jackals (D:2)
  2 quokkas
  3 frilled lizards
  4 kobolds
  4 rats
51 creatures vanquished.

Vanquished Creatures (others)
  A hobgoblin (D:1)
1 creature vanquished.

Grand Total: 52 creatures vanquished

Notes
Turn   | Place    | Note
-------+----------+-------------------------------------------
     0 | D:1      | ManOfNut3 the Human Ice Elementalist began the quest for the Orb.
     0 | D:1      | Reached XP level 1. HP: 13/13 MP: 3/3
   450 | D:1      | Reached XP level 2. HP: 19/19 MP: 3/5
  1196 | D:1      | Reached XP level 3. HP: 10/24 MP: 0/7
  1423 | D:2      | Reached XP level 4. HP: 30/30 MP: 5/8
  1840 | D:2      | Reached skill level 4 in Ice Magic
  2079 | D:2      | Learned a level 2 spell: Throw Frost
  2748 | D:2      | Reached XP level 5. HP: 29/36 MP: 4/9
  3844 | D:3      | Noticed Grinder
  3851 | D:3      | Reached skill level 1 in Maces & Flails
  3853 | D:3      | Paralysed by Grinder for 6 turns
  3859 | D:3      | Slain by Grinder

Skill      XL: |  1  2  3  4  5 |
---------------+----------------+-----
Ice Magic      | 4 |  4.2
Spellcasting   | 3 |  3.1
Maces & Flails | 1 |  1.0
Fighting       | |  0.6
Dodging        | |  2.5
Stealth        | |  2.0
Conjurations   | |  1.1

Action                   |  1- 3 |  4- 6 || total
-------------------------+-------+-------++-------
Melee: Club              |     6 |       ||     6
       Unarmed           |     1 |       ||     1
       Spear             |    13 |       ||    13
       Mace              |       |    63 ||    63
 Cast: Freeze            |    34 |    19 ||    53
       Throw Frost       |       |    23 ||    23
  Use: Scroll            |     2 |     3 ||     5
  Eat: Chunk             |     2 |       ||     2
       Bread ration      |       |     2 ||     2
Armor: Robe              |    22 |    58 ||    80
       Skin              |       |     1 ||     1
Dodge: Dodged            |    58 |   102 ||   160
